 Dungeon Crawl Stone Soup version 0.31.0-12-g77e489cdc1 (webtiles) character file.

Game seed: 5679322991510286325

657 Silvore the Cudgeller (level 7, 0/61 HPs)
             Began as a Minotaur Fighter on Mar 4, 2024.
             Slain by a bullfrog (7 damage)
             ... on level 6 of the Dungeon.
             The game lasted 00:03:34 (3189 turns).

Silvore the Cudgeller (Minotaur Fighter)            Turns: 3189, Time: 00:03:34

Health: 0/61       AC:  8    Str: 22    XL:     7   Next: 29%
Magic:  6/6        EV: 10    Int:  5    God:
Gold:   215        SH:  4    Dex: 10    Spells: 6/6 levels left

rFire   . . .        a - +0 flail (spect)
rCold   . . .        c - +0 buckler
rNeg    . . .        b - +0 scale mail
rPois   .            (helmet restricted)
rElec   .            (no cloak)
rCorr   .            e - +0 pair of gloves
SInv    .            (no boots)
Will    .....        (no amulet) Stlth
                     (no ring)
HPRegen 0.30/turn    (no ring)
MPRegen 0.10/turn

%: no passive effects
@: no status effects
A: horns 2, retaliatory headbutt
a: no special abilities


You were on level 6 of the Dungeon.
You visited 1 branch of the dungeon, and saw 5 of its levels.

You collected 215 gold pieces.

Inventory:

Hand Weapons
 a - a +0 spectral flail (weapon)
Missiles
 f - a throwing net (quivered)
Armour
 b - a +0 scale mail (worn)
 c - a +0 buckler (worn)
 e - a +0 pair of gloves (worn)
Scrolls
 l - 2 scrolls of identify
 m - a scroll of revelation
Potions
 d - a potion of might
 i - a potion of curing
 j - a potion of heal wounds


   Skills:
 + Level 5.2 Fighting
 + Level 6.9 Maces & Flails
 + Level 5.8 Armour
 + Level 1.5 Dodging
 + Level 0.6 Stealth
 + Level 4.3 Shields


You had 6 spell levels left.
You didn't know any spells.
Your spell library contained the following spells:

 Spells                   Type           Power      Damage    Failure   Level
 Foxfire                  Conj/Fire      0%         2x1d4     85%         1
 Plasma Beam              Fire/Air       0%         2x1d10    100%        6
 Starburst                Conj/Fire      0%         6d3       100%        6


Dungeon Overview and Level Annotations

Branches:
Dungeon (4/15)
 Temple: D:4-7

Altars:

Annotations:
D:6 Dowan, Duvessa, Edmund


Innate Abilities, Weirdness & Mutations

You have a pair of horns on your head.
You reflexively headbutt those who attack you in melee.


Message History

The ufetubus hits you but does no damage.
The ufetubus barely misses you.
Unknown command.
You miss the ufetubus. Duvessa hits you but does no damage.
The ufetubus closely misses you. You furiously retaliate!
You headbutt the ufetubus, but do no damage.
The ufetubus closely misses you.
You hit the ufetubus but do no damage. You block the ufetubus's attack.
The ufetubus barely misses you. Duvessa hits you with a +0 short sword.
The ufetubus closely misses you. The ufetubus completely misses you.
Unknown command.
You barely miss the ufetubus. Duvessa barely misses you.
You block the ufetubus's attack. The ufetubus hits you.
You miss the ufetubus.
The ufetubus hits you but does no damage.
You block the ufetubus's attack. Duvessa barely misses you.
You furiously retaliate!
You headbutt Duvessa.
The ufetubus hits you but does no damage. x2
You hit the ufetubus. You headbutt the ufetubus.
You kill the ufetubus!
Edmund the Younger comes into view.
He is wielding a +0 dire flail of protection.
Duvessa hits you but does no damage. The bullfrog hits you.
Unknown command.
You barely miss the bullfrog. Your headbutt misses the bullfrog.
The bullfrog hits you but does no damage.
Edmund clears his throat.
Duvessa says, "When magic and the sword combine, nothing stands against them."
Duvessa hits you with a +0 short sword. The bullfrog closely misses you.
You closely miss the bullfrog. You headbutt the bullfrog.
The bullfrog is lightly wounded.
Duvessa hits you with a +0 short sword!
* * * LOW HITPOINT WARNING * * *
The bullfrog barely misses you. Duvessa hits you with a +0 short sword!
* * * LOW HITPOINT WARNING * * *
You sock the bullfrog!
The bullfrog is almost dead.
The bullfrog barely misses you. You furiously retaliate!
You headbutt the bullfrog, but do no damage.
The bullfrog hits you!
You die...

#.##.#.......### #
#####.##.#.#.#.....# #
#.......†......#.#.# # .
#.###.#.##.#####.#.# #
....###e#.##.#####.#.#####
...F.....e.........#....†.
..#.##<##5################
......#e# ?..@.YF@#
##.###.### ... #.# ### #.#
#.# ##


You could see Edmund, Duvessa, a sky beast, Dowan, a bullfrog and an ufetubus.

Vanquished Creatures
  A water moccasin (D:6)
  A sky beast (D:6)
  A black bear (D:6)
  A bullfrog (D:6)
  An iguana (D:6)
  5 orc wizards
  7 adders
  An ufetubus (D:6)
  2 dart slugs (D:1)
  9 orcs
  8 ball pythons
  10 endoplasms
  4 giant cockroaches
  10 goblins
  3 hobgoblins
  3 jackals (D:1)
  A quokka (D:3)
  6 bats
  2 frilled lizards
  7 kobolds
  2 rats (D:2)
85 creatures vanquished.

Notes
Turn   | Place    | Note
-------+----------+-------------------------------------------
     0 | D:1      | Silvore the Minotaur Fighter began the quest for the Orb.
     0 | D:1      | Reached XP level 1. HP: 19/19 MP: 0/0
    70 | D:1      | Reached XP level 2. HP: 23/27 MP: 1/1
   256 | D:1      | Reached skill level 3 in Maces & Flails
   328 | D:1      | Reached XP level 3. HP: 33/33 MP: 2/2
  1256 | D:2      | Reached XP level 4. HP: 39/41 MP: 3/3
  1353 | D:2      | Found a faded altar of an unknown god.
  1942 | D:3      | Reached skill level 4 in Maces & Flails
  2190 | D:3      | Identified the +3 short sword of Resourcefulness {holy,
                  | rCorr Str+5 Dex+3}
  2614 | D:3      | Reached XP level 5. HP: 32/47 MP: 4/4
  2698 | D:3      | Reached skill level 5 in Maces & Flails
  2819 | D:4      | You fall into a shaft and drop 2 floors!
  2840 | D:6      | Reached XP level 6. HP: 49/55 MP: 5/5
  2892 | D:6      | Reached skill level 5 in Fighting
  2892 | D:6      | Reached skill level 5 in Armour
  2899 | D:6      | Noticed a water moccasin
  2904 | D:6      | Killed a water moccasin
  2905 | D:6      | Reached skill level 6 in Maces & Flails
  2905 | D:6      | Reached skill level 1 in Dodging
  3002 | D:6      | Reached XP level 7. HP: 56/61 MP: 6/6
  3170 | D:6      | Noticed Duvessa
  3170 | D:6      | Noticed Dowan
  3186 | D:6      | Noticed Edmund
  3189 | D:6      | Slain by a bullfrog

Illustrated notes

Levels and vault maps discovered:
D:1:      amcnicky_arrival_double_pillar, layout_basic,
          chequers_serial_rivers_large_a, amcnicky_mini_corridor_feature,
          solitary_fountain, st_stairs_1, chequers_mini_garden, minivault_14
D:2:      layout_loops_corners, shapermc_ecumenical_altar_acropolis
D:3:      layout_loops_cross, hangedman_decor_diamond_cutter
D:4:      layout_rooms, minivault_14
D:6:      layout_loops_cross, minmay_temple_entry_nine_rooms, uniq_pikel,
          uniq_edmund, uniq_duvessa

Skill      XL: |  1  2  3  4  5  6 |
---------------+-------------------+-----
Fighting       | 4 5 |  5.2
Armour         | 4 5 |  5.8
Maces & Flails | 3 4 5 6 |  6.9
Shields        | 4 |  4.3
Dodging        | 1 |  1.5
Stealth        | |  0.6

Action                     |  1- 3 |  4- 6 |  7- 9 || total
---------------------------+-------+-------+-------++-------
  Melee: Flail             |    65 |    83 |    29 ||   177
         Headbutt          |    10 |    12 |     5 ||    27
    Use: Scroll            |     1 |     7 |     1 ||     9
 Armour: Scale mail        |    52 |    91 |    38 ||   181
  Dodge: Dodged            |    34 |    54 |    17 ||   105
  Block: Buckler           |    14 |    17 |     8 ||    39
